 Dungeon Crawl Stone Soup version 0.30-a0-1094-g860fb061e7 (webtiles) character file.

Game seed: 16900112588102464699

1659656 jt the Sculptor of Flesh (level 27, 205/270 HPs)
             Began as an Ogre Fighter on Apr 17, 2023.
             Was an Initiate of Yredelemnul.
             Escaped with the Orb
             ... and 3 runes on Apr 19, 2023!
             The game lasted 07:26:09 (69932 turns).

jt the Sculptor of Flesh (Ogre Fighter)            Turns: 69932, Time: 07:26:10

Health: 205/270    AC: 18    Str: 25 (26) XL:     27
Magic:  40/40      EV: 18    Int: 27      God:    Yredelemnul [......]
Gold:   5707       SH: 16    Dex: 14      Spells: 17/52 levels left

rFire   + . .      SeeInvis .    a - +8 demon trident "Rift" {distort, reach+}
rCold   + . .      Faith    .    T - +2 kite shield {AC+3}
rNeg    + . .      Spirit   .    n - +3 steam dragon scales of the Echidna {rElec}
rPois   .          Reflect  .    o - +2 hood of the Assassin {Detect Stab+ Stlth++}
rElec   +          Rampage  .    S - +2 cloak
rCorr   .          Rage     3%   (gloves unavailable)
Will    ++...                    (boots unavailable)
Stlth   ++                       N - amulet "Cuamit" {rF+ Regen+ Int+4 Dex+4}
HPRegen 1.45/turn                X - ring of Mymnuiho {Drain rC+ rN+ Int+6}
MPRegen 0.27/turn                u - +4 ring of slaying

@: studying Poison Magic
A: large, unfitting armour, tough skin 1, berserk 1, deterioration 1, frail 1,
weak 1, subdued magic 2
0: Orb of Zot
}: 3/15 runes: serpentine, barnacled, silver
a: Renounce Religion, Recall Undead Harvest


You escaped.
You worshipped Yredelemnul.
Yredelemnul was greatly pleased with you.
You visited 11 branches of the dungeon, and saw 51 of its levels.
You also visited: Trove, Sewer, Gauntlet, Ice Cave, Volcano and Wizlab.

You collected 10036 gold pieces.
You spent 4329 gold pieces at shops.

Inventory:

Hand Weapons
 a - the +8 demon trident "Rift" (weapon) {distort, reach+}
   (You found it on level 3 of the Crypt)
 F - the +7 sceptre of Torment {pain, torment}
   (You took it off a guardian mummy on level 3 of the Crypt)
Missiles
 h - a curare-tipped dart
 y - 5 silver javelins
 A - 17 javelins
 J - 4 throwing nets
 W - 107 large rocks (quivered)
Armour
 m - a +1 cloak of preservation
 n - the +3 steam dragon scales of the Echidna (worn) {rElec}
   (You took it off a vault sentinel on level 5 of the Vaults)

   rElec:     It insulates you from electricity.
 o - the +2 hood of the Assassin (worn) {Detect Stab+ Stlth++}
   (You found it in a treasure trove)

   Detect:    It allows the wearer to sense nearby creatures.
   Stab+:     It allows the wearer to make particularly effective stabbing
   attacks against helpless or unaware enemies with any weapon.
   Stlth:     It makes you much more stealthy.
 O - a +1 cloak of poison resistance
 S - a +2 cloak (worn)
 T - a +2 kite shield of protection (worn)
Jewellery
 e - the ring of Exhibitionism {rN+ Will+ Str-5 Int+3}
   (You took it off a vault guard on level 5 of the Vaults)

   [ring of willpower]

   Str:       It affects your strength (-5).
   Int:       It affects your intelligence (+3).
   rN:        It protects you from negative energy.
   Will:      It increases your willpower.
 q - a ring of resist corrosion
 u - a +4 ring of slaying (right hand)
 x - the amulet of Qatwolob {rElec rF+ Regen+ Dex-3 SInv}
   (You found it in a Gauntlet)

   [amulet of regeneration]

   Dex:       It affects your dexterity (-3).
   rF:        It protects you from fire.
   rElec:     It insulates you from electricity.
   SInv:      It lets you see invisible.
   Regen:     It increases your rate of health regeneration.
 z - a ring of flight
 C - a ring of poison resistance
 E - a ring of wizardry
 N - the amulet "Cuamit" (around neck) {rF+ Regen+ Int+4 Dex+4}
   (You found it on level 2 of the Crypt)

   [amulet of regeneration]

   Int:       It affects your intelligence (+4).
   Dex:       It affects your dexterity (+4).
   rF:        It protects you from fire.
   Regen:     It increases your rate of health regeneration.
 X - the ring of Mymnuiho (left hand) {Drain rC+ rN+ Int+6}
   (You found it in a Gauntlet)

   [ring of intelligence]

   Int:       It affects your intelligence (+6).
   rC:        It protects you from cold.
   rN:        It protects you from negative energy.
   Drain:     It drains your maximum health when unequipped.
Wands
 c - a wand of roots (12)
 d - a wand of polymorph (42)
 w - a wand of quicksilver (25)
 M - a wand of mindburst (38)
 U - a wand of flame (109)
 V - a wand of digging (19)
 Y - a wand of paralysis (28)
Scrolls
 b - a scroll of butterflies
 i - 9 scrolls of fog
 j - 2 scrolls of magic mapping
 l - 7 scrolls of poison
 p - a scroll of blinking
 r - 5 scrolls of teleportation
 v - 10 scrolls of fear
 I - 7 scrolls of silence
 K - 9 scrolls of vulnerability
 P - 9 scrolls of immolation
Potions
 g - 10 potions of magic
 k - 13 potions of brilliance
 s - a potion of ambrosia
 t - 20 potions of curing
 B - 5 potions of flight
 D - 4 potions of heal wounds
 G - 3 potions of berserk rage
 H - 3 potions of cancellation
 Q - 4 potions of resistance
 R - 11 potions of mutation
 Z - a potion of might
Miscellaneous
 f - a phantom mirror
 L - a phial of floods


   Skills:
 - Level 22.2 Fighting
 - Level 14.0 Polearms
 + Level 10.2 Throwing
 - Level 5.0 Armour
 - Level 18.2 Dodging
 - Level 2.0 Stealth
 - Level 18.3 Shields
 - Level 13.3 Spellcasting
 - Level 6.1 Hexes
 - Level 7.0 Necromancy
 + Level 11.9 Translocations
 - Level 12.6 Transmutations
 - Level 12.6 Earth Magic
 - Level 23.2 Invocations
 - Level 3.2 Evocations


You had 17 spell levels left.
You knew the following spells:

 Your Spells              Type           Power      Damage    Failure   Level
a - Blink                 Tloc           100%       N/A       0%          2
b - Wereblood             Tmut           52%        N/A       0%          2
c - Passwall              Tmut/Erth      43%        N/A       0%          2
d - Statue Form           Tmut/Erth      34%        N/A       1%          6
e - Borgnjor's Vile Clut  Necr/Erth      22%        N/A       1%          5
f - Dispel Undead         Necr           34%        3d15      1%          4
g - Manifold Assault      Tloc           51%        N/A       1%          4
h - Anguish               Hex/Necr       16%        N/A       1%          4
i - Dispersal             Tloc           25%        N/A       2%          6

Your spell library contained the following spells:

 Spells                   Type           Power      Damage    Failure   Level
 Beastly Appendage        Tmut           100%       N/A       0%          1
 Lesser Beckoning         Tloc           100%       N/A       0%          2
 Necrotise                Necr           100%       1d9       1%          1
 Slow                     Hex            100%       N/A       1%          1
 Cigotuvi's Dreadful Rot  Necr/Pois/Air  38%        N/A       1%          2
 Ensorcelled Hibernation  Hex/Ice        42%        N/A       1%          2
 Momentum Strike          Conj/Tloc      62%        3d9       1%          2
 Sublimation of Blood     Necr           34%        N/A       1%          2
 Confusing Touch          Hex            31%        N/A       1%          3
 Dazzling Flash           Conj/Hex       42%        N/A       1%          3
 Gell's Gravitas          Tloc           51%        N/A       1%          3
 Ignite Poison            Fire/Tmut/Pois 25%        N/A       1%          3
 Inner Flame              Hex/Fire       21%        N/A       1%          3
 Spider Form              Tmut/Pois      32%        N/A       1%          3
 Stone Arrow              Conj/Erth      64%        3d11      1%          3
 Summon Guardian Golem    Hex/Summ       21%        N/A       1%          3
 Teleport Other           Tloc           51%        N/A       1%          3
 Tukima's Dance           Hex            31%        N/A       1%          3
 Vampiric Draining        Necr           34%        2d8       1%          3
 Animate Armour           Summ/Erth      64%        N/A       1%          4
 Cause Fear               Hex            15%        N/A       1%          4
 Ice Form                 Ice/Tmut       32%        N/A       1%          4
 Leda's Liquefaction      Hex/Erth       21%        N/A       1%          4
 Petrify                  Tmut/Erth      52%        N/A       1%          4
 Blade Hands              Tmut           26%        N/A       1%          5
 Lee's Rapid Deconstruct  Erth           26%        3d14*     1%          5
 Foxfire                  Conj/Fire      44%        2x1d6     2%          1
 Freeze                   Ice            44%        1d6       2%          1
 Magic Dart               Conj           44%        1d5       2%          1
 Shock                    Conj/Air       44%        1d5       2%          1
 Summon Small Mammal      Summ           44%        N/A       2%          1
 Call Imp                 Summ           22%        N/A       3%          2
 Poisonous Vapours        Pois/Air       22%        N/A       3%          2
 Searing Ray              Conj           22%        2d5       3%          2
 Static Discharge         Conj/Air       22%        2-3/arc   3%          2
 Agony                    Necr           34%        N/A       3%          5
 Alistair's Intoxication  Tmut/Pois      21%        N/A       5%          5
 Irradiate                Conj/Tmut      16%        3d17      5%          5
 Summon Forest            Summ/Tloc      15%        N/A       6%          5
 Call Canine Familiar     Summ           11%        N/A       8%          3
 Frozen Ramparts          Ice            22%        1d4       8%          3
 Mephitic Cloud           Conj/Pois/Air  11%        N/A       8%          3
 Swiftness                Air            11%        N/A       8%          3
 Fulminant Prism          Conj/Hex       10%        3d9       8%          4
 Dragon Form              Tmut           26%        N/A       14%         7
 Metabolic Englaciation   Hex/Ice        10%        N/A       24%         5
 Silence                  Hex/Air        10%        N/A       24%         5
 Summon Mana Viper        Hex/Summ       21%        N/A       24%         5
 Airstrike                Air            5%         2d(1-17)  30%         4
 Flame Wave               Conj/Fire      11%        2d6       30%         4
 Olgreb's Toxic Radiance  Pois           11%        N/A       30%         4
 Sticky Flame             Conj/Fire      11%        2d3       30%         4
 Summon Ice Beast         Ice/Summ       11%        N/A       30%         4
 Summon Lightning Spire   Summ/Air       11%        N/A       30%         4
 Eringya's Noxious Bog    Tmut/Pois      16%        N/A       34%         6
 Fireball                 Conj/Fire      5%         3d5       67%         5
 Freezing Cloud           Conj/Ice/Air   5%         6-21      67%         5
 Disjunction              Tloc           25%        N/A       86%         8
 Storm Form               Tmut/Air       16%        N/A       92%         7
 Enfeeble                 Hex            15%        N/A       93%         7
 Plasma Beam              Fire/Air       5%         2x1d17    99%         6
 Starburst                Conj/Fire      5%         6d4       99%         6
 Summon Cactus Giant      Summ           5%         N/A       99%         6
 Monstrous Menagerie      Summ           5%         N/A       100%        7
 Summon Hydra             Summ           5%         N/A       100%        7
 Discord                  Hex            15%        N/A       100%        8
 Ignition                 Fire           5%         3d4       100%        8
 Lehudib's Crystal Spear  Conj/Erth      16%        10d5      100%        8
 Dragon's Call            Summ           5%         N/A       100%        9
 Polar Vortex             Ice            5%         N/A       100%        9
 Animate Dead             Necr           Unusable   N/A       N/A         4
 Simulacrum               Ice/Necr       Unusable   N/A       N/A         6

Dungeon Overview and Level Annotations

Branches:
Dungeon (15/15)            Temple (1/1) D:5            Lair (5/5) D:9
 Shoals (4/4) Lair:3        Snake (4/4) Lair:2        Slime (0/5) Lair:4
    Orc (2/2) D:9             Elf (3/3) Orc:2        Vaults (5/5) D:13
  Crypt (3/3) Vaults:3       Tomb (0/3) Crypt:3      Depths (4/4) D:15
    Zot (5/5) Depths:4      Sewer (visited)           IceCv (visited)
Volcano (visited)          WizLab (visited)         Gauntlet (visited)

Altars:
Ashenzari
Cheibriados
Fedhas
Gozag
Hepliaklqana
Kikubaaqudgha
Nemelex Xobeh
Okawaru
Qazlal
Ru
Uskayaw
Yredelemnul
Zin
Jiyva

Shops:
D:8 =   D:10 !?(:   D:15 *   Orc:2 ?[[(   Snake:2 *   Snake:3 *[**   Snake:4 *
Vaults:1 [   Vaults:2 *   Vaults:4 [   Depths:2 *   Depths:3 !

Portals:
Hell: Depths:1 Depths:2 Depths:3 Depths:4
Abyss: Depths:1 Depths:3
Pandemonium: Depths:2
Ziggurat: Depths:4

Annotations:
Zot:4 32 runed doors
Abyss:1 Grunn, Tiamat


Innate Abilities, Weirdness & Mutations

You are too large for most types of armour.
You have tough skin. (AC +1)
You sometimes lose your temper in combat.
Your body sometimes deteriorates upon taking damage.
You are frail. (-10% HP)
You are weak. (Str -2)
Your spells are easier to cast, but less powerful.


Message History

Where to? (Enter - D:1 @ (x,y), ? - help)
A hellephant comes into view.
Okay, then.
Okay, then.
The hellephant breathes flames at you. The blast of flame misses you.
The endoplasm quivers.
You impale the endoplasm!!
You kill the endoplasm!
The hellephant breathes flames at you. The blast of flame hits you!!
You resist. The hellephant breathes flames at you.
The blast of flame hits you!!! You resist.
Your body deteriorates!
You feel weakened.
There is an open door here.
A cacodemon, a sixfirhy and an orange demon come into view.
You close the door.
The cacodemon moves out of view.
The sixfirhy moves out of view.
The orange demon moves out of view.
Some rock shatters into small pieces.
A sixfirhy comes into view.
Some rock shatters into small pieces.
You hear a grinding noise.
The hellephant blinks!
The cacodemon gestures next to the sixfirhy.
Some rock shatters into small pieces.
The sixfirhy hits you but does no damage.
The sixfirhy hits you! The sixfirhy shocks you. You resist.
The sixfirhy hits you. The sixfirhy shocks you. You resist.
You block the sixfirhy's attack. x2
The sixfirhy hits you but does no damage.
The sixfirhy hits you. The sixfirhy shocks you. You resist.
There is an open door here.
The cacodemon gestures at the rock wall.
Some rock shatters into small pieces.
There is a staircase leading out of the dungeon here.
The sixfirhy hits you but does no damage.
The sixfirhy closely misses you. The sixfirhy hits you.
The sixfirhy shocks you. You resist. You block the sixfirhy's attack.
The sixfirhy hits you but does no damage.
You have escaped!

#....####.#.....#..###.....#.#
#....#....#.######...#.....#.#
#...##.##.#......###.##......#
#..'#..##.######.#...##'......
#..#..###........#.###.#......
#.###########.####.#...##.....
#.######...##'.###.#.####...#รท
#.##.....#.'...'...#.####)..#.
#.'..#######.@3..###.#..'.....
#.####.....'..3'.......##.....
#.####.#.####'##.2.######..##.
#.##...#.####)###...#####...#.
#..#.###.#..... #......#......
#..'##...#.######.##Y.#'4.....
#...##.###[.........3.........
#....#...######...............
#....###..#.....######........


You could see a hellephant, a cacodemon and 2 sixfirhies.

Vanquished Creatures
  A dread lich (Zot:5)
  An orb of fire (Zot:5)
  2 ancient liches
  A juggernaut (Depths:2)
  Saint Roka (Elf:2)
  A curse toe (Zot:5)
  Head Instructor (WizLab)
  Bai Suzhen (Depths:2)
  6 caustic shrikes
  6 golden dragons
  A bone dragon (Depths:4)
  2 profane servitors (Crypt:3)
  2 pandemonium lords
  3 doom hounds
  4 tentacled monstrosities
  2 hellephants
  A Tzitzimitl (Depths:4)
  An electric golem (Zot:5)
  Rupert (Lair:3)
  12 Orb Guardians
  A titan (Vaults:5)
  A deep elf blademaster (Elf:3)
  2 liches (Depths:4)
  9 death cobs
  4 quicksilver dragons
  A deep elf master archer (Elf:3)
  4 sphinxes
  6 shadow dragons
  7 ancient champions
  6 storm dragons
  4 tengu reavers
  A kraken (Shoals:2)
  6 nagarajas
  Donald (Elf:3)
  A draconian monk (Zot:4)
  2 fire giants
  A revenant (Crypt:3)
  2 draconian knights
  Ilsuiw (Shoals:2)
  5 frost giants
  4 deep elf sorcerers (Elf:3)
  An iron dragon (Depths:1)
  2 draconian scorchers (Zot:4)
  2 ghost moths
  An orc warlord (D:13)
  A curse skull (Crypt:3)
  Aizul (Shoals:1)
  3 draconian shifters
  12 vault wardens
  12 ghouls
  3 draconian stormcallers
  5 reapers
  A spriggan defender (Depths:3)
  16 very ugly things
  The ghost of Ifehamp the Grappler, a journeyman TrFi of Wu Jian (Lair:2)
  A war gargoyle (Vaults:5)
  4 vampire knights
  2 draconian annihilators (Zot:3)
  A rockslime zombie (Crypt:1)
  5 ironbound thunderhulks
  10 ironbound preservers
  Nessos (Lair:3)
  7 green draconians
  14 stone giants
  A deep elf annihilator (Elf:3)
  7 black draconians
  5 dire elephants (Vaults:1)
  A yellow draconian (Zot:3)
  3 white draconians
  3 red draconians
  4 purple draconians
  A mummy priest (Crypt:3)
  6 ettins
  2 crystal guardians (Vaults:3)
  6 deep elf death magi
  3 eidola
  4 merfolk javelineers
  13 jiangshi
  5 yaktaur captains
  5 deep elf high priests
  7 merfolk impalers
  4 fire dragons
  3 entropy weavers
  4 great orbs of eyes
  20 vault guards
  4 salamander tyrants
  4 spriggan air magi
  2 peacekeepers (Vaults:3)
  A rakshasa (Depths:3)
  4 ice dragons
  5 hydras
  5 ironbound frosthearts
  A radroach (shapeshifter) (Vaults:5)
  2 death knights (Crypt:1)
  2 two-headed ogres
  A catoblepas (D:14)
  2 ogre magi
  4 boulder beetles
  6 centaur warriors
  9 deep troll shamans
  A satyr (Shoals:4)
  13 dancing weapons
  6 anacondas
  7 naga warriors
  A two-headed ogre (shapeshifter) (Vaults:5)
  A merfolk aquamancer (Shoals:2)
  3 tengu warriors
  3 deep troll earth magi
  2 orc high priests (Orc:2)
  8 hell hogs
  8 naga sharpshooters
  4 spriggan berserkers
  Urug (D:10)
  7 vampire magi
  A shock serpent (Snake:4)
  Nergalle (Lair:3)
  8 deep elf knights
  2 sun demons
  5 hell knights (Depths:4)
  A fire crab (Gauntlet)
  A quicksilver ooze zombie (Crypt:3)
  An iron troll (Depths:1)
  4 shadow wraiths
  21 skeletal warriors
  2 salamander mystics
  A skyshark (Lair:3)
  Lodul (D:13)
  14 sea snakes
  3 sixfirhies (Gauntlet)
  41 deep trolls
  A spriggan rider (Depths:3)
  11 ironbound convokers
  2 bog bodies (Crypt:3)
  7 flayed ghosts
  6 lindwurms
  10 necromancers
  6 deep elf archers
  23 deep elf pyromancers
  A naga ritualist (Snake:2)
  The ghost of Notanamesir the Twirler, a novice GrGl of Makhleb (D:7)
  10 deep elf zephyrmancers
  A shadow dragon zombie (Depths:1)
  8 mana vipers (WizLab)
  5 orc knights
  6 phantasmal warriors
  8 wizards
  11 harpies
  15 ugly things
  A shadow dragon skeleton (Vaults:4)
  3 cyclopes
  4 orc sorcerers
  4 manticores
  A human zombie (Vaults:1)
  A shining eye (shapeshifter) (Vaults:5)
  10 moths of wrath
  2 fauns (Shoals:3)
  7 elephants
  A stone giant skeleton (Crypt:1)
  9 merfolk sirens
  A naga zombie (Crypt:1)
  A frost giant zombie (Vaults:1)
  15 black mambas
  3 large abominations (Elf:1)
  9 salamanders
  9 naga magi
  3 smoke demons (D:12)
  2 ice statues (IceCv)
  2 rust devils (Depths:2)
  A molten gargoyle (Lair:5)
  2 water nymphs
  12 vault sentinels
  Joseph (Lair:1)
  A human skeleton (Vaults:1)
  4 guardian serpents (Snake:4)
  2 orange demons
  7 unseen horrors
  5 cane toads
  A hellion (D:10)
  2 red draconian zombies
  A yellow draconian zombie (Crypt:2)
  7 komodo dragons
  6 freezing wraiths
  16 yaktaurs
  A death yak zombie (Crypt:2)
  2 guardian mummies (Crypt:3)
  An anaconda simulacrum (IceCv)
  2 tormentors
  9 merfolk
  A troll (shapeshifter) (D:15)
  6 tengu conjurers
  2 hornets (Depths:3)
  8 trolls
  A great orb of eyes zombie (Crypt:2)
  3 wind drakes
  8 snapping turtles
  A harpy skeleton (Crypt:2)
  9 dream sheep
  12 blink frogs
  An ettin skeleton (Crypt:3)
  3 flying skulls (Crypt:3)
  2 spriggans (Depths:3)
  4 wraiths
  6 slime creatures
  2 vampires
  A merfolk skeleton (Crypt:1)
  A shadow (D:9)
  10 yaks
  A water elemental (Shoals:2)
  6 air elementals
  5 fire elementals
  A black mamba skeleton (Crypt:1)
  15 fire bats
  2 wyverns
  3 steam dragons
  5 redbacks
  6 basilisks
  Eustachio (D:5)
  A death yak simulacrum (IceCv)
  A wind drake skeleton (Crypt:1)
  Menkaure (D:5)
  A chaos spawn (Depths:2)
  A faun zombie (Crypt:3)
  3 wargs
  A hydra simulacrum (Crypt:1)
  21 nagas
  11 water moccasins
  8 hell hounds
  A floating eye (shapeshifter) (Depths:3)
  A sky beast (D:6)
  3 ogres
  4 black bears (D:9)
  15 orc warriors
  7 wolves
  A lindwurm skeleton (Crypt:1)
  7 centaurs
  A swamp dragon skeleton (Crypt:1)
  2 kobold brigands (Sewer)
  5 earth elementals
  2 elf zombies (Elf:1)
  2 gnoll sergeants
  3 scorpions
  A yaktaur skeleton (Crypt:3)
  10 bullfrogs
  5 wights
  A spriggan zombie (Crypt:2)
  17 killer bees
  6 electric eels
  3 lava snakes
  4 quasits (D:7)
  A wolf skeleton (Crypt:1)
  3 hounds
  2 jellies
  A bullfrog skeleton (Crypt:1)
  23 orc priests
  4 sleepcaps
  An iguana (D:6)
  Ijyb (D:5)
  18 orc wizards
  4 hell rats (Lair:3)
  A wolf simulacrum (IceCv)
  3 polar bear simulacra (IceCv)
  10 mummies (Crypt:3)
  13 gnolls
  A gnoll (shapeshifter) (Vaults:5)
  5 adders
  A shadow imp (Gauntlet)
  5 white imps
  An ufetubus (D:6)
  2 worms
  2 dart slugs (D:3)
  42 orcs
  11 bats
  9 endoplasms
  7 giant cockroaches
  A gnoll skeleton (Crypt:1)
  12 goblins
  12 hobgoblins
  7 jackals
  27 kobolds
  3 quokkas
  17 ball pythons
  10 frilled lizards
  A frilled lizard skeleton (Crypt:2)
  A goblin zombie (Crypt:3)
  12 rats
  A spectral hobgoblin (D:5)
1410 creatures vanquished.

Vanquished Creatures (collateral kills)
  A dread lich (Vaults:5)
  2 Killer Klowns (Zot:5)
  A caustic shrike (Depths:4)
  2 golden dragons
  Nikola (Elf:2)
  A bone dragon (Depths:4)
  A walking crystal tome (Depths:2)
  Mlioglotl (Shoals:3)
  2 liches
  A tentacled monstrosity (Zot:5)
  Jorgrun (Shoals:2)
  10 Orb Guardians (Zot:5)
  A titan (Vaults:5)
  Polyphemus (Shoals:3)
  2 sphinxes
  Frances (Shoals:1)
  Agnes (Snake:3)
  An ancient champion (Crypt:3)
  3 shadow dragons
  5 tengu reavers (Vaults:5)
  Roxanne (Shoals:2)
  2 draconian monks (Zot:2)
  3 revenants
  A storm dragon (Vaults:5)
  6 nagarajas (Snake:4)
  4 frost giants
  A draconian knight (Zot:2)
  5 deep elf sorcerers (Elf:3)
  2 vault wardens (Vaults:5)
  6 fire giants
  A draconian scorcher (Zot:2)
  Louise (D:14)
  3 curse skulls
  2 draconian shifters
  A draconian annihilator (Zot:4)
  A spriggan defender (Depths:3)
  A deep elf elementalist (Elf:3)
  A quicksilver ooze (shapeshifter) (Vaults:5)
  6 very ugly things
  An orc warlord (Vaults:1)
  A reaper (Depths:4)
  8 stone giants
  3 ironbound thunderhulks
  2 war gargoyles
  4 vampire knights
  7 ironbound preservers
  A lorocyproca (Depths:2)
  3 deep elf annihilators (Elf:3)
  A deep elf demonologist (Vaults:5)
  3 dire elephants (Vaults:3)
  A minotaur (Gauntlet)
  A purple draconian (Zot:4)
  A black draconian (Depths:4)
  A red draconian (Zot:4)
  A white draconian (Zot:5)
  3 merfolk javelineers
  5 deep elf death magi
  3 eidola
  3 merfolk impalers (Shoals:4)
  5 jiangshi
  7 fire dragons
  A great orb of eyes (Vaults:4)
  3 ettins
  2 deep elf high priests
  A mummy priest (Crypt:3)
  A crystal guardian (Vaults:1)
  8 yaktaur captains
  3 merfolk avatars
  4 ironbound frosthearts
  2 salamander tyrants (Snake:4)
  A hydra (Lair:4)
  A rakshasa (Depths:1)
  2 ice dragons (Depths:1)
  12 vault guards (Vaults:5)
  A peacekeeper (Vaults:1)
  2 alligator snapping turtles (Shoals:4)
  5 merfolk aquamancers
  3 catoblepae
  2 death yaks (Shoals:3)
  3 anacondas
  2 centaur warriors
  A boulder beetle (D:15)
  A spriggan skeleton (Depths:1)
  7 naga warriors
  A hell hog (Depths:2)
  A deep troll shaman (Depths:3)
  2 deep troll earth magi
  3 vampire magi
  12 dancing weapons
  An orc high priest (Orc:2)
  2 shock serpents (Snake:1)
  4 deep elf knights
  14 naga sharpshooters
  A soul eater (Depths:2)
  3 hell knights
  A fire crab (Volcano)
  A spriggan berserker (Depths:3)
  A titan skeleton (Crypt:2)
  3 skysharks
  3 iron trolls
  13 skeletal warriors
  A spriggan rider (Depths:4)
  9 flayed ghosts
  2 salamander mystics
  9 sea snakes
  A sea snake (shapeshifter) (D:14)
  26 deep trolls
  5 deep elf archers (Elf:2)
  2 naga ritualists (Snake:1)
  4 ironbound convokers
  5 wizards
  3 bog bodies
  12 harpies
  3 lindwurms
  A golden dragon skeleton (Crypt:3)
  7 deep elf pyromancers
  5 necromancers
  An oklob plant (Lair:3)
  3 orc knights
  4 phantasmal warriors
  6 deep elf zephyrmancers
  8 mana vipers
  13 ugly things
  11 salamanders
  2 fauns (Shoals:3)
  A shadow dragon skeleton (Crypt:3)
  2 cyclopes
  8 manticores
  5 moths of wrath
  12 black mambas
  A centaur zombie (Crypt:3)
  3 guardian serpents
  A dire elephant zombie (Crypt:3)
  A shock serpent zombie (Crypt:2)
  4 water nymphs
  7 merfolk sirens
  A molten gargoyle (Lair:5)
  5 vault sentinels
  A rust devil (Depths:2)
  A fire giant skeleton (Depths:1)
  6 cane toads
  6 elephants
  A torpor snail (Lair:5)
  11 naga magi
  2 unseen horrors (Crypt:2)
  A rime drake (Lair:5)
  2 orange demons (Depths:2)
  7 komodo dragons
  5 freezing wraiths
  A tormentor (Depths:4)
  7 yaktaurs
  A death yak skeleton (Crypt:2)
  A purple draconian skeleton (Crypt:3)
  2 tengu conjurers
  A guardian mummy (Crypt:3)
  A red devil (Depths:2)
  A troll (Orc:2)
  A polar bear (Lair:5)
  An iron troll skeleton (Crypt:2)
  A human skeleton (Vaults:1)
  19 merfolk
  4 wind drakes
  2 hornets
  12 dream sheep
  9 snapping turtles
  2 harpy skeletons (Crypt:3)
  A centaur simulacrum (Crypt:3)
  2 jumping spiders
  8 blink frogs
  2 ettin skeletons (Depths:1)
  A spriggan (Depths:3)
  A guardian serpent skeleton (Crypt:3)
  4 slime creatures
  3 ushabtiu (Crypt:3)
  2 wraiths (Crypt:3)
  3 wyverns (Lair:5)
  14 yaks
  3 basilisks
  5 fire bats
  A golden eye (shapeshifter) (D:12)
  7 water elementals
  2 fire elementals (D:12)
  A black mamba skeleton (Crypt:3)
  2 redbacks (D:8)
  A naga zombie (Crypt:3)
  A warg (Elf:2)
  An elf skeleton (Vaults:4)
  27 nagas
  A hell hound (D:14)
  9 orc warriors
  3 water moccasins
  An ice beast (shapeshifter) (Vaults:5)
  8 ogres
  A deep troll simulacrum (Vaults:1)
  A human zombie (Vaults:4)
  A wolf (shapeshifter) (Vaults:1)
  5 centaurs
  7 wolves
  A hog skeleton (Crypt:3)
  A kobold brigand (D:9)
  A bullfrog (Lair:3)
  A gnoll sergeant (D:9)
  7 killer bees
  3 electric eels (Snake:1)
  4 lava snakes
  4 jellies (Lair:4)
  6 orc priests
  9 orc wizards
  2 mummies (Crypt:3)
  6 gnolls
  A howler monkey skeleton (Crypt:3)
  An adder (D:6)
  10 white imps (D:12)
  26 orcs
  A goblin (D:9)
  A kobold (D:9)
  2 orc zombies
  A ball lightning (Orc:2)
  A fire vortex (D:14)
  A plant (Shoals:4)
  A tentacle (Shoals:2)
809 creatures vanquished.

Vanquished Creatures (others)
  The ghost of Takeo the Spry, an adept DjFE of Ashenzari (Orc:2)
  A deep elf blademaster (Elf:3)
  2 draconian monks
  2 draconian knights
  2 draconian scorchers
  A caustic shrike zombie (Depths:4)
  2 spectral tentacled monstrosities
  2 deep elf elementalists (Elf:3)
  2 spectral tengu
  A draconian stormcaller (Zot:3)
  A juggernaut zombie (Depths:2)
  A deep elf demonologist (Elf:3)
  A doom hound zombie (Depths:4)
  A Killer Klown zombie (Zot:5)
  A deep elf annihilator (Elf:3)
  A white draconian (Zot:4)
  A red draconian (Zot:2)
  2 very ugly thing zombies
  2 quicksilver dragon zombies spectral
  Mlioglotl (Shoals:3)
  4 Orb Guardian zombies (Zot:5)
  2 dancing weapons (Elf:2)
  A spectral elf (Elf:2)
  A deep elf knight (Elf:2)
  A spectral orc (Vaults:4)
  A naga sharpshooter (Snake:4)
  3 storm dragon zombies
  A spectral reaper (Crypt:3)
  A deep troll (Vaults:5)
  2 anaconda zombies
  2 spriggan zombies
  2 shadow dragon zombies
  A spectral iron troll (Depths:4)
  A deep elf pyromancer (Elf:2)
  A hell hog zombie (Depths:2)
  5 ugly thing zombies
  2 draconian zombies
  2 stone giant zombies
  2 frost giant zombies
  A sphinx zombie (Depths:2)
  A spectral glowing orange brain (Depths:2)
  A dire elephant zombie (Vaults:3)
  5 sea snake zombies
  4 unseen horror zombies
  A redback zombie (Vaults:5)
  A hydra zombie (Lair:5)
  4 harpy zombies
  2 mana viper zombies (WizLab)
  A spectral komodo dragon (Elf:3)
  8 moth of wrath zombies
  A boulder beetle zombie (D:15)
  A jumping spider zombie (Vaults:5)
  3 guardian serpent zombies (Snake:4)
  An ettin zombie (Depths:1)
  A fire dragon zombie (Depths:3)
  3 ice dragon zombies
  5 black mamba zombies
  A spectral yak (Lair:5)
  A slime creature zombie (D:14)
  2 wind drake zombies (Shoals:2)
  A spectral rust devil (Depths:2)
  A warg (Orc:2)
  20 human zombies
  A two-headed ogre zombie (Vaults:5)
  3 salamander zombies
  7 fire bat zombies
  A spectral red devil (Depths:2)
  14 deep troll zombies
  A cane toad zombie (Lair:3)
  An entropy weaver zombie (Vaults:5)
  A spectral shining eye (Vaults:5)
  3 orc warriors (Elf:2)
  A hornet zombie (Vaults:5)
  3 dream sheep zombies (Lair:3)
  2 elephant zombies
  12 elf zombies
  A blink frog zombie (Lair:5)
  5 merfolk zombies
  2 yaktaur zombies
  3 hell hound zombies
  4 water moccasin zombies
  A wyvern zombie (Lair:2)
  2 yak zombies (D:11)
  4 tengu zombies
  3 bullfrog zombies
  5 wolf zombies
  A basilisk zombie (D:14)
  A scorpion zombie (D:9)
  2 orc wizards (Elf:2)
  5 killer bee zombies
  14 naga zombies
  4 ogre zombies
  3 spectral electric eels (Snake:1)
  2 lava snake zombies
  A spectral white imp (D:12)
  2 orcs (Elf:2)
  5 gnoll zombies
  A ball python zombie (D:6)
  2 kobold zombies (D:9)
  47 orc zombies
  2 ball lightnings (Orc:2)
  2 fire vortices (D:14)
  62 fungi
  182 plants
  3 tentacles (Shoals:2)
  26 withered plants (Gauntlet)
580 creatures vanquished.

Grand Total: 2799 creatures vanquished

Notes
Turn   | Place    | Note
-------+----------+-------------------------------------------
     0 | D:1      | jt the Ogre Fighter began the quest for the Orb.
     0 | D:1      | Reached XP level 1. HP: 24/24 MP: 1/1
   164 | D:1      | Reached skill level 1 in Stealth
   213 | D:1      | Reached XP level 2. HP: 32/32 MP: 2/2
   430 | D:1      | Reached XP level 3. HP: 39/39 MP: 3/3
   992 | D:2      | Reached XP level 4. HP: 48/48 MP: 4/4
  1328 | D:2      | You fall into a shaft and drop 2 floors!
  1353 | D:4      | Reached XP level 5. HP: 50/55 MP: 5/5
  1419 | D:4      | Found a snail-covered altar of Cheibriados.
  1424 | D:4      | Noticed an ogre
  1586 | D:3      | Reached skill level 5 in Fighting
  1843 | D:3      | Found a faded altar of an unknown god.
  2040 | D:3      | Reached XP level 6. HP: 63/66 MP: 6/6
  2905 | D:4      | Found an iron altar of Okawaru.
  3240 | D:5      | Entered Level 5 of the Dungeon
  3253 | D:4      | Reached skill level 5 in Polearms
  3253 | D:4      | Reached XP level 7. HP: 52/74 MP: 7/7
  3688 | D:5      | Noticed Ijyb
  3738 | D:5      | Killed Ijyb
  3769 | D:5      | Found a sacrificial altar of Ru.
  3774 | D:5      | Found an ancient bone altar of Kikubaaqudgha.
  3776 | D:5      | Found a sparkling altar of Nemelex Xobeh.
  3777 | D:5      | Found a basalt altar of Yredelemnul.
  3790 | D:5      | Became a worshipper of Yredelemnul the Dark
  3818 | D:5      | Found a staircase to the Ecumenical Temple.
  3829 | Temple   | Entered the Ecumenical Temple
  3847 | D:5      | Noticed Menkaure
  3886 | D:5      | Reached skill level 4 in Invocations
  3886 | D:5      | Reached XP level 8. HP: 88/88 MP: 7/14
  4015 | D:5      | Noticed Eustachio
  4070 | D:5      | Reached * piety under Yredelemnul
  4252 | D:5      | Killed Menkaure
  4358 | D:5      | Killed Eustachio
  4582 | D:5      | Found a hazy altar of Hepliaklqana.
  4998 | D:6      | Found a glowing drain.
  5005 | Sewer    | Entered a sewer
  5103 | Sewer    | Reached XP level 9. HP: 63/97 MP: 15/15
  5536 | D:6      | Reached ** piety under Yredelemnul
  5846 | D:7      | Identified the +1 ring mail of Resourcefulness {rN+ Will+
                  | Slay+5 Stlth-}
  6062 | D:7      | Reached skill level 1 in Throwing
  6337 | D:7      | Noticed Notanamesir's ghost (novice GrGl)
  6382 | D:7      | Found a transporter.
  6406 | D:7      | Found a transporter.
  7126 | D:8      | Found Qoacs's Jewellery Boutique.
  7146 | D:8      | Found a runed translucent door.
  7902 | D:8      | Found a glowing silver altar of Zin.
  8143 | D:8      | Reached XP level 10. HP: 93/107 MP: 11/16
  8156 | D:8      | Reached *** piety under Yredelemnul
  8166 | D:8      | Found a runed translucent gate.
  8166 | D:8      | Found a runed translucent gate.
  8166 | D:8      | Found a runed translucent gate.
  8166 | D:8      | Found a runed translucent gate.
  8166 | D:8      | Found a runed translucent gate.
  8166 | D:8      | Found a runed translucent gate.
  8166 | D:8      | Noticed a lindwurm
  8166 | D:8      | Noticed a boulder beetle
  8166 | D:8      | Noticed a boulder beetle
  8181 | D:8      | Killed a boulder beetle
  8183 | D:8      | Killed a boulder beetle
  8184 | D:8      | Reached skill level 10 in Polearms
  8189 | D:8      | Killed a lindwurm
  8190 | D:8      | Reached skill level 10 in Fighting
  9064 | D:9      | Reached XP level 11. HP: 50/119 MP: 15/17
  9134 | D:9      | Found a staircase to the Orcish Mines.
  9192 | D:9      | Found a staircase to the Lair.
  9644 | D:10     | Entered Level 10 of the Dungeon
  9644 | D:10     | Noticed a two-headed ogre
  9713 | D:10     | Noticed a cyclops
 10191 | D:10     | Killed a cyclops
 10313 | D:10     | Killed a two-headed ogre
 10314 | D:10     | Reached skill level 5 in Invocations
 10530 | D:10     | Found Qaqiho's Magic Scroll Shop.
 10543 | D:10     | Noticed Urug
 10563 | D:10     | Killed Urug
 10845 | D:10     | Found Unyliek's Book Shoppe.
 10863 | D:10     | Found Haennekol's Antique Weapon Emporium.
 10864 | D:10     | Found Nuotz's Distillery.
 11075 | D:11     | Noticed a manticore
 11091 | D:11     | Killed a manticore
 11741 | D:11     | Noticed a boulder beetle
 11759 | D:11     | Killed a boulder beetle
 11760 | D:11     | Reached skill level 6 in Invocations
 12132 | D:11     | Noticed a white ugly thing
 12156 | D:11     | Killed a red ugly thing
 12581 | Lair:1   | Entered Level 1 of the Lair of Beasts
 12711 | Lair:1   | Reached XP level 12. HP: 107/130 MP: 18/18
 12831 | Lair:1   | Learned a level 2 spell: Blink
 12873 | Lair:1   | Reached skill level 10 in Shields
 13024 | Lair:1   | Noticed Joseph
 13035 | Lair:1   | Killed Joseph
 14270 | D:8      | Bought the amulet of Suspected Treachery {Reflect rPois
                  | SH+5} for 494 gold pieces
 14596 | Lair:2   | Reached skill level 7 in Invocations
 14661 | Lair:2   | Found a staircase to the Snake Pit.
 15235 | Lair:2   | Found a large runed translucent door.
 15235 | Lair:2   | Found a large runed translucent door.
 15236 | Lair:2   | Noticed Ifehamp's ghost (journeyman TrFi)
 15439 | Lair:2   | You fall into a shaft and drop 1 floor!
 15650 | Lair:3   | Noticed Nergalle
 15662 | Lair:3   | Killed Nergalle
 15717 | Lair:3   | Found a dark tunnel.
 15717 | Lair:3   | Identified the +2 ring mail of Mizxeed {Dex+2}
 15728 | Lair:3   | Reached skill level 8 in Invocations
 15756 | Volcano  | Entered a volcano
 16018 | Volcano  | Reached XP level 13. HP: 102/144 MP: 16/19
 16495 | Lair:3   | Noticed Rupert
 16778 | Lair:4   | Reached skill level 9 in Invocations
 17239 | Lair:4   | Found a staircase to the Slime Pits.
 17241 | Lair:4   | Found a viscous altar of Jiyva.
 17305 | Lair:4   | Reached skill level 5 in Dodging
 17402 | Lair:4   | Reached **** piety under Yredelemnul
 17482 | Lair:4   | Reached ***** piety under Yredelemnul
 17742 | Lair:5   | Entered Level 5 of the Lair of Beasts
 17777 | Lair:5   | Reached skill level 10 in Invocations
 17945 | Lair:5   | Reached ****** piety under Yredelemnul
 18115 | Lair:5   | Found a gate leading to a gauntlet.
 18126 | Gauntlet | Entered a Gauntlet
 18126 | Gauntlet | Found a transporter.
 18126 | Gauntlet | Found a transporter.
 18131 | Gauntlet | Found a transporter.
 18147 | Gauntlet | Found a transporter.
 18159 | Gauntlet | Noticed a great orb of eyes
 18161 | Gauntlet | Found a transporter.
 18174 | Gauntlet | Found a transporter.
 18190 | Gauntlet | Found a transporter.
 18256 | Gauntlet | Found a transporter.
 18265 | Gauntlet | Found a transporter.
 18299 | Gauntlet | Found a transporter.
 18303 | Gauntlet | Found a transporter.
 18306 | Gauntlet | Found a transporter.
 18322 | Gauntlet | Found a transporter.
 18354 | Gauntlet | Found a transporter.
 18398 | Gauntlet | Found a transporter.
 18415 | Gauntlet | Found a transporter.
 18529 | Gauntlet | Reached skill level 15 in Fighting
 18586 | Gauntlet | Reached XP level 14. HP: 54/159 MP: 21/21
 18591 | Gauntlet | Identified the ring of Mymnuiho {Drain rC+ rN+ Int+6}
 18595 | Gauntlet | Identified the staff of air "Fenah" {rElec rF++ rC-}
 18859 | Gauntlet | Identified the amulet of Qatwolob {rElec rF+ Regen+ Dex-3
                  | SInv}
 19235 | Lair:5   | Reached skill level 11 in Invocations
 19849 | Lair:5   | Reached skill level 5 in Throwing
 20267 | Lair:5   | Found a large runed translucent door.
 20268 | Lair:5   | Found a large runed translucent door.
 20949 | Lair:3   | Killed Rupert
 21110 | Lair:3   | Noticed Nessos
 21119 | Lair:3   | Killed Nessos
 21120 | Lair:3   | Reached skill level 12 in Invocations
 21194 | Lair:3   | Identified the +8 trident of Peeng {protect, rF+++ Will++
                  | Int-5}
 21400 | Lair:3   | Found a staircase to the Shoals.
 22070 | Lair:2   | Killed Ifehamp's ghost
 22181 | Orc:1    | Entered Level 1 of the Orcish Mines
 22222 | Orc:1    | Reached XP level 15. HP: 171/171 MP: 24/24
 22571 | Orc:2    | Entered Level 2 of the Orcish Mines
 22620 | Orc:2    | Found a staircase to the Elven Halls.
 22834 | Orc:2    | Found a runed translucent gate.
 22836 | Orc:2    | Found a runed translucent gate.
 22836 | Orc:2    | Found a runed translucent gate.
 22836 | Orc:2    | Found an opulent altar of Gozag.
 22852 | Orc:2    | Noticed Takeo's ghost (adept DjFE)
 22974 | Orc:2    | Found Lerghuklu's Magic Scroll Emporium.
 22974 | Orc:2    | Found Qirurea's Antique Weapon Shoppe.
 22974 | Orc:2    | Found Xaazim's Armour Emporium.
 23050 | Orc:2    | Found Boekoh's Antique Armour Shoppe.
 23056 | Orc:2    | Bought a scroll of enchant armour for 112 gold pieces
 23057 | Orc:2    | Bought a scroll of magic mapping for 112 gold pieces
 23308 | Orc:2    | Killed Takeo's ghost
 23527 | Shoals:1 | Entered Level 1 of the Shoals
 23527 | Shoals:1 | Noticed Frances
 23534 | Shoals:1 | Killed Frances
 23535 | Shoals:1 | Reached skill level 13 in Invocations
 24033 | Shoals:1 | Noticed Aizul
 24047 | Shoals:1 | Killed Aizul
 24376 | Shoals:1 | Reached skill level 1 in Armour
 24841 | Shoals:2 | Reached skill level 10 in Dodging
 24841 | Shoals:2 | Found Tair Ban's Distillery.
 24860 | Shoals:2 | Noticed Ilsuiw
 24876 | Shoals:2 | Killed Ilsuiw
 24898 | Shoals:2 | Bought a potion of heal wounds for 70 gold pieces
 24973 | Shoals:2 | Reached skill level 14 in Invocations
 25121 | Shoals:2 | Noticed Jorgrun
 25125 | Shoals:2 | Reached skill level 1 in Translocations
 25130 | Shoals:2 | Killed Jorgrun
 25131 | Shoals:2 | Reached XP level 16. HP: 187/187 MP: 21/26
 25152 | Shoals:2 | Noticed a kraken
 25167 | Shoals:2 | Killed a kraken
 25201 | Shoals:2 | Noticed Roxanne
 25302 | Shoals:2 | Killed Roxanne
 25658 | Shoals:3 | Noticed Mlioglotl
 25701 | Shoals:3 | Noticed a tentacled starspawn
 25702 | Shoals:3 | Noticed a bone dragon
 25703 | Shoals:3 | Killed Mlioglotl
 26076 | Shoals:3 | Your ally Mlioglotl died
 26189 | Shoals:3 | Noticed Polyphemus
 26207 | Shoals:3 | Killed Polyphemus
 26208 | Shoals:3 | Reached skill level 15 in Invocations
 26530 | Shoals:4 | Entered Level 4 of the Shoals
 26782 | Shoals:4 | Reached skill level 5 in Translocations
 26813 | Shoals:4 | HP: 9/187 [merfolk/+0 trident (11)]
 27191 | Shoals:4 | Reached skill level 5 in Spellcasting
 27518 | Shoals:4 | Identified the staff of death "Pain" {rN+ Str+4 Int+2}
 27532 | Shoals:4 | Reached XP level 17. HP: 189/194 MP: 28/28
 27683 | Shoals:4 | Got a barnacled rune of Zot
 27907 | Shoals:4 | Got the Omnibus of Nival Bones
 27908 | Shoals:4 | Identified the +3 ring mail of the Old World {Rampage Fly
                  | Regen+ Int-3}
 28488 | Shoals:2 | Bought a potion of curing for 42 gold pieces
 28488 | Shoals:2 | Bought a potion of curing for 42 gold pieces
 28488 | Shoals:2 | Bought a potion of heal wounds for 70 gold pieces
 28488 | Shoals:2 | Bought a potion of heal wounds for 70 gold pieces
 28488 | Shoals:2 | Bought a potion of haste for 140 gold pieces
 28488 | Shoals:2 | Bought a potion of might for 56 gold pieces
 28488 | Shoals:2 | Bought 2 potions of curing for 84 gold pieces
 28488 | Shoals:2 | Bought a potion of brilliance for 56 gold pieces
 28488 | Shoals:2 | Bought a potion of mutation for 112 gold pieces
 28579 | Snake:1  | Entered Level 1 of the Snake Pit
 29269 | Snake:1  | Found a sacrificial altar of Ru.
 29335 | Snake:1  | Reached skill level 16 in Invocations
 31047 | Snake:2  | Found Sibb's Assorted Antiques.
 31050 | Snake:2  | Bought a yellow potion for 24 gold pieces
 31050 | Snake:2  | Bought a transparent spear for 216 gold pieces
 31050 | Snake:2  | Identified the +4 spear of the Poles {flame, Int+3} (You
                  | bought it in a shop on level 2 of the Snake Pit)
 31051 | Snake:2  | Bought a scroll of blinking for 202 gold pieces
 31275 | Snake:2  | Reached XP level 18. HP: 30/205 MP: 30/30
 31416 | Snake:2  | Learned a level 2 spell: Wereblood
 31705 | Snake:3  | Found Evesekh's General Store.
 31707 | Snake:3  | Found Caed's Assorted Antiques.
 31709 | Snake:3  | Found Etociso's Antique Armour Boutique.
 31729 | Snake:3  | Bought a scroll of silence for 142 gold pieces
 31769 | Snake:3  | Reached skill level 1 in Transmutations
 31839 | Snake:3  | Found Zigogaf's Assorted Antiques.
 31902 | Snake:3  | Identified the +0 plate armour of Aweoxekk {*Slow Will++
                  | SInv}
 31914 | Snake:3  | Noticed Agnes
 31924 | Snake:3  | Killed Agnes
 31934 | Snake:3  | Your ally Agnes died
 32174 | Snake:3  | Found the +3 salamander hide armour {Flames, rFlCloud rF++
                  | rC--}
 32608 | Snake:4  | Entered Level 4 of the Snake Pit
 32608 | Snake:4  | Found Wastalin's Assorted Antiques.
 32672 | Snake:4  | Identified the +1 pair of gloves of Atyuhi {Regen+ Str+3
                  | Dex+6}
 32702 | Snake:4  | Reached skill level 17 in Invocations
 33269 | Snake:4  | Got a serpentine rune of Zot
 33461 | Snake:4  | Identified the +7 plate armour "Iganabb" {Int+2}
 33468 | Snake:4  | Identified the +1 morningstar "Gulig" {flame, rF+ rC++}
 34097 | D:12     | Found a frozen archway.
 34111 | D:12     | Found the +7 great mace "Firestarter" {flame, immolate,
                  | rFlCloud rF++}
 34208 | IceCv    | Entered an ice cave
 34228 | IceCv    | Found a transporter.
 34235 | IceCv    | Found a transporter.
 34390 | D:12     | Reached XP level 19. HP: 213/213 MP: 31/31
 34690 | D:12     | Reached skill level 5 in Transmutations
 34981 | D:13     | Noticed Lodul
 35464 | D:13     | Killed Lodul
 35503 | D:13     | Found a gate to the Vaults.
 36204 | D:14     | Learned a level 2 spell: Passwall
 36303 | D:14     | Noticed Louise
 36321 | D:14     | Killed Louise
 36743 | D:15     | Entered Level 15 of the Dungeon
 36836 | D:15     | Reached skill level 18 in Invocations
 36933 | D:15     | Found a staircase to the Depths.
 36986 | D:15     | Identified the +0 helmet of Vehumet's Grace {rN+}
 37105 | D:15     | Found Feppid's Assorted Antiques.
 37114 | D:15     | Bought a fading scarf for 440 gold pieces
 37114 | D:15     | Identified the scarf of Poor Excuses {+Inv, SInv} (You
                  | bought it in a shop on level 15 of the Dungeon)
 37677 | Vaults:1 | Entered Level 1 of the Vaults
 39400 | Vaults:1 | Found Zylusesh's Armour Shoppe.
 39526 | Vaults:1 | Reached XP level 20. HP: 205/223 MP: 33/33
 40322 | Vaults:2 | Identified the +4 dagger "Lawnic" {venom, Fly}
 40402 | Vaults:2 | Reached skill level 15 in Dodging
 40500 | Vaults:2 | Reached skill level 19 in Invocations
 40581 | Vaults:2 | Reached skill level 15 in Shields
 40707 | Vaults:2 | Reached skill level 1 in Earth Magic
 41005 | Vaults:2 | Found Cidue's General Store.
 41569 | Vaults:3 | You fall into a shaft and drop 1 floor!
 41689 | Vaults:4 | Found Puat's Antique Armour Shoppe.
 42361 | Vaults:4 | Reached skill level 5 in Earth Magic
 42774 | Vaults:3 | Reached XP level 21. HP: 77/231 MP: 31/34
 42797 | Vaults:3 | Reached skill level 20 in Invocations
 43341 | Vaults:3 | Found a staircase to the Crypt.
 44220 | Elf:1    | Entered Level 1 of the Elven Halls
 44436 | Elf:1    | You fall into a shaft and drop 1 floor!
 44436 | Elf:2    | Found a runed translucent gate.
 44436 | Elf:2    | Found a runed translucent gate.
 44436 | Elf:2    | Found a runed translucent gate.
 44447 | Elf:2    | Noticed Nikola
 44792 | Elf:2    | Noticed Saint Roka
 45100 | Elf:2    | Paralysed by an air elemental for 1 turns
 45106 | Elf:2    | Paralysed by an air elemental for 1 turns
 45465 | Elf:2    | Found a runed translucent gate.
 45465 | Elf:2    | Found a runed translucent gate.
 45465 | Elf:2    | Found a runed translucent gate.
 45465 | Elf:2    | Found a runed translucent gate.
 45465 | Elf:2    | Found a runed translucent gate.
 45469 | Elf:2    | Found a runed translucent gate.
 45521 | Elf:2    | Identified the +3 chain mail "Ameocrao" {Str-3 Dex+5}
 45819 | Elf:2    | Killed Saint Roka
 46115 | Elf:2    | Killed Nikola
 46138 | Elf:2    | Reached skill level 21 in Invocations
 46906 | Elf:1    | Got Caurphunk's Tome of Malevolent Rituals
 47048 | Elf:1    | Paralysed by an air elemental for 1 turns
 47224 | Elf:1    | Paralysed by an air elemental for 1 turns
 47265 | Elf:1    | Got the Handbook of the Pestilent Congregation
 47501 | Elf:3    | Entered Level 3 of the Elven Halls
 47567 | Elf:3    | Noticed Donald
 47585 | Elf:3    | Killed Donald
 47586 | Elf:3    | Reached skill level 1 in Necromancy
 47649 | Elf:3    | Reached skill level 1 in Hexes
 47906 | Elf:3    | Reached XP level 22. HP: 231/240 MP: 32/36
 49072 | Elf:3    | Found the +13 scythe of Curses {drain, curses, Drain}
 49120 | Elf:3    | Identified the staff of death "Guoh" {rN+ Will+ Dex+3}
 49195 | Elf:3    | Identified the +0 buckler "Opnaush" {rPois Int+5}
 49496 | Depths:1 | Entered Level 1 of the Depths
 49650 | Depths:1 | Found a stormy altar of Qazlal.
 49996 | Depths:1 | Found a one-way gate to the infinite horrors of the Abyss.
 50290 | Depths:1 | Found a gateway to Hell.
 50713 | Depths:2 | Reached skill level 5 in Hexes
 50713 | Depths:2 | Reached skill level 5 in Necromancy
 50777 | Depths:2 | Found a one-way gate leading to the halls of Pandemonium.
 50867 | Depths:2 | Found Qacul's General Store.
 50921 | Depths:2 | Noticed a caustic shrike
 50924 | Depths:2 | Noticed a caustic shrike
 50924 | Depths:2 | Noticed a golden dragon
 50934 | Depths:2 | Killed a caustic shrike
 50935 | Depths:2 | Reached skill level 22 in Invocations
 50937 | Depths:2 | Noticed Bai Suzhen
 50937 | Depths:2 | Noticed a caustic shrike
 50964 | Depths:2 | Killed a caustic shrike
 51068 | Depths:2 | Noticed a golden dragon
 51073 | Depths:2 | Killed a golden dragon
 51654 | D:7      | Killed Notanamesir's ghost
 52391 | Depths:2 | Reached XP level 23. HP: 227/248 MP: 38/38
 52480 | Depths:2 | Noticed a juggernaut
 52656 | D:12     | Learned a level 6 spell: Statue Form
 52814 | Crypt:1  | Entered Level 1 of the Crypt
 55063 | Crypt:2  | Found a magical portal.
 55072 | WizLab   | Entered Yara's Duelist Academy
 55483 | WizLab   | Noticed Qodd
 55492 | WizLab   | Killed Qodd the Head Instructor
 55563 | WizLab   | Got Yara's Papyrus of Interference
 56105 | Crypt:2  | Learned a level 5 spell: Borgnjor's Vile Clutch
 56133 | Crypt:2  | Identified the amulet "Cuamit" {rF+ Regen+ Int+4 Dex+4}
 56621 | Crypt:3  | Entered Level 3 of the Crypt
 56675 | Crypt:3  | Noticed an ancient lich
 56689 | Crypt:3  | Killed an ancient lich
 56875 | Crypt:3  | Learned a level 4 spell: Dispel Undead
 57171 | Crypt:3  | Reached XP level 24. HP: 258/258 MP: 34/38
 57496 | Crypt:3  | Found the +8 demon trident "Rift" {distort, reach+}
 57603 | Crypt:3  | Found a staircase to the Tomb.
 57714 | Crypt:3  | Identified the +8 glaive of Regicide {venom, rF+ Int+2
                  | Stlth+}
 58039 | Crypt:3  | Reached skill level 10 in Earth Magic
 58073 | Crypt:3  | Reached skill level 10 in Transmutations
 58091 | Crypt:3  | Identified the amulet "Qofuyph" {-Tele rN++ Regen+ Str+3}
 58135 | Crypt:3  | Found an ancient bone altar of Kikubaaqudgha.
 58239 | Crypt:3  | Found a basalt altar of Yredelemnul.
 58289 | Crypt:3  | Identified the +4 scale mail of the Vaults {-Tele Dex+4}
 58771 | Depths:2 | Killed a juggernaut
 58777 | Depths:2 | Killed a caustic shrike
 58784 | Depths:2 | Learned a level 4 spell: Manifold Assault
 58849 | Depths:2 | Reached skill level 10 in Spellcasting
 58885 | Depths:2 | Killed Bai Suzhen
 59788 | Depths:3 | Found Udugirr's Distillery.
 59797 | Depths:3 | Bought a potion of curing for 54 gold pieces
 59797 | Depths:3 | Bought a potion of heal wounds for 90 gold pieces
 60948 | Depths:3 | Found a portal to a secret trove of treasure.
 61084 | Depths:4 | Entered Level 4 of the Depths
 61126 | Depths:4 | Noticed a caustic shrike
 61127 | Depths:4 | Killed a caustic shrike
 61342 | Depths:4 | Reached XP level 25. HP: 263/270 MP: 27/38
 61345 | Depths:4 | Found a gate to the Realm of Zot.
 61723 | Depths:4 | Noticed Grunn
 61732 | Depths:4 | Found a one-way gateway to a ziggurat.
 62322 | Depths:4 | Banished Grunn
 62856 | Vaults:5 | Entered Level 5 of the Vaults
 62925 | Vaults:5 | Learned a level 4 spell: Anguish
 63066 | Vaults:5 | Got the Anthology of the Icicle
 63483 | Vaults:5 | Identified the ring of Exhibitionism {rN+ Will+ Str-5
                  | Int+3}
 63496 | Vaults:5 | Noticed a dread lich
 63501 | Vaults:5 | Identified the +3 steam dragon scales of the Echidna
                  | {rElec}
 63844 | Vaults:5 | Reached XP level 26. HP: 276/276 MP: 27/39
 64162 | Vaults:5 | Killed a dread lich
 64204 | Vaults:5 | Identified the +6 hand axe of World Downfall {venom, rC+
                  | Will+}
 64225 | Vaults:5 | Noticed Sojobo
 64240 | Vaults:5 | Reached skill level 10 in Translocations
 64240 | Vaults:5 | Killed Sojobo
 64240 | Vaults:5 | Enslaved Sojobo
 64523 | Vaults:5 | Got a silver rune of Zot
 65368 | Depths:2 | Bought +0 ice dragon scales for 1260 gold pieces
 65368 | Depths:2 | Bought a wand of quicksilver (5) for 441 gold pieces
 65485 | Depths:3 | You paid a toll of +6 ice dragon scales to enter a treasure
                  | trove
 65486 | Trove    | Entered a treasure trove
 65491 | Trove    | Found the +2 hood of the Assassin {Detect Stab+ Stlth++}
 65499 | Trove    | Identified the ring "Kinoun" {rPois MP+9 Dex+7 Slay-5
                  | Stlth+}
 65517 | Trove    | Identified the +1 cloak "Maecveato" {rPois rF- Will+}
 65523 | Trove    | Identified the +4 troll leather armour of the Tanner {Harm
                  | rElec Regen+ Int+2}
 65562 | Depths:3 | Learned a level 6 spell: Dispersal
 65634 | Zot:1    | Entered Level 1 of the Realm of Zot
 65634 | Zot:1    | Noticed an orb of fire
 65661 | Zot:1    | Gained mutation: Your spells are a little easier to cast,
                  | but a little less powerful. [an orb of fire]
 65662 | Zot:1    | Banished an orb of fire
 66098 | Zot:3    | Found the +4 dragonskin cloak
 66098 | Zot:3    | Noticed Tiamat
 66329 | Zot:3    | Banished Tiamat
 66543 | Zot:3    | Identified the +7 quarterstaff of Intuition {venom, rF+
                  | Str+3 Dex+2 SInv}
 67292 | Zot:4    | Found a huge runed gate.
 67292 | Zot:4    | Found a huge runed gate.
 67292 | Zot:4    | Found a huge runed gate.
 67292 | Zot:4    | Found a huge runed gate.
 67293 | Zot:4    | Found a huge runed gate.
 67294 | Zot:4    | Found a huge runed gate.
 67297 | Zot:4    | Found a huge runed gate.
 67297 | Zot:4    | Found a huge runed gate.
 67298 | Zot:4    | Found a huge runed gate.
 67300 | Zot:4    | Found a huge runed gate.
 67300 | Zot:4    | Found a huge runed gate.
 67301 | Zot:4    | Found a huge runed gate.
 67303 | Zot:4    | Found a huge runed gate.
 67304 | Zot:4    | Found a huge runed gate.
 67305 | Zot:4    | Found a huge runed gate.
 67714 | Zot:4    | Found a huge runed gate.
 67714 | Zot:4    | Found a huge runed gate.
 67714 | Zot:4    | Found a huge runed gate.
 67714 | Zot:4    | Found a huge runed gate.
 67738 | Zot:4    | Found a huge runed gate.
 67739 | Zot:4    | Found a huge runed gate.
 67741 | Zot:4    | Found a huge runed gate.
 67742 | Zot:4    | Found a huge runed gate.
 67744 | Zot:4    | Found a huge runed gate.
 67827 | Zot:4    | Found a huge runed gate.
 67828 | Zot:4    | Found a huge runed gate.
 67829 | Zot:4    | Found a huge runed gate.
 67830 | Zot:4    | Found a huge runed gate.
 67875 | Zot:4    | Reached XP level 27. HP: 265/296 MP: 24/40
 67936 | Zot:4    | Identified the +8 ring mail of the Tuna {rC+ rN+ Slay+2}
 67960 | Zot:4    | Reached skill level 10 in Throwing
 67985 | Zot:4    | Found a huge runed gate.
 67985 | Zot:4    | Found a huge runed gate.
 67985 | Zot:4    | Found a huge runed gate.
 67986 | Zot:4    | Found a huge runed gate.
 68123 | Zot:5    | Entered Level 5 of the Realm of Zot
 68831 | Zot:5    | Noticed a dread lich
 68832 | Zot:5    | Paralysed by a dread lich for 3 turns
 68848 | Zot:5    | Killed a dread lich
 68859 | Zot:5    | Noticed an ancient lich
 68869 | Zot:5    | Killed an ancient lich
 69032 | Zot:5    | Noticed an orb of fire
 69033 | Zot:5    | Gained mutation: You are frail. (-10% HP) [an orb of fire]
 69034 | Zot:5    | Gained mutation: You sometimes lose your temper in combat.
                  | [an orb of fire]
 69039 | Zot:5    | Banished an orb of fire
 69114 | Zot:5    | Noticed an orb of fire
 69115 | Zot:5    | Gained mutation: Your spells are easier to cast, but less
                  | powerful. [an orb of fire]
 69124 | Zot:5    | Killed an orb of fire
 69125 | Zot:5    | Reached skill level 23 in Invocations
 69128 | Zot:5    | Reached skill level 5 in Armour
 69349 | Zot:5    | Noticed an orb of fire
 69352 | Zot:5    | Noticed an orb of fire
 69354 | Zot:5    | Noticed an orb of fire
 69355 | Zot:5    | Noticed an orb of fire
 69355 | Zot:5    | Noticed an orb of fire
 69355 | Zot:5    | Gained mutation: You are weak. (Str -2) [an orb of fire]
 69356 | Zot:5    | Your ally Sojobo died
 69357 | Zot:5    | Got the Orb of Zot
 69357 | Zot:5    | Gained mutation: Your body sometimes deteriorates upon
                  | taking damage. [an orb of fire]
 69475 | Depths:4 | Noticed Pakutt the pandemonium lord
 69496 | Depths:3 | Noticed Miezacoq the pandemonium lord
 69506 | Depths:3 | Killed Miezacoq the pandemonium lord
 69722 | D:7      | Noticed Gyseguop the pandemonium lord
 69738 | D:7      | Killed Gyseguop the pandemonium lord
 69871 | D:2      | Noticed Zadoyh the pandemonium lord
 69932 | D:$      | Escaped with the Orb!

Illustrated notes

Levels and vault maps discovered:
D:1:      nicolae_arrival_somewhat_less_tricky_arrival, layout_rooms
D:2:      layout_rooms, kennysheep_decorative_pillar, eino_tiny_chamber,
          minmay_mini_jars
D:3:      layout_basic, shapermc_ecumenical_altar_starsandcircs,
          chequers_serial_rivers_micro_e, grunt_decor_cap, minmay_joined_circles
D:4:      minmay_spotlight, layout_cave_pools, general_overflow_altar,
          mainiacjoe_overflow_small_starburst
D:5:      layout_loops_ring, minitemple, nicolae_hepliaklqana_monster_ancestors,
          minmay_temple_entry_arrows, nicolae_elevator_lobby_plus, uniq_ijyb,
          uniq_eustachio, uniq_menkaure
D:6:      layout_rooms, portal_sewer_entry_e
D:7:      layout_basic, gammafunk_ghost_stat_death
D:8:      gammafunk_indiana_jones, layout_gridville, zin_statuary, serial_shops,
          shop
D:9:      layout_basic, due_lair_maze_entry_diamond, erik_orc_4
D:10:     layout_long_grid, serial_shops, nicolae_shop_statue_plus, shop, shop,
          shop, chequers_hall_statues_wall_a, uniq_urug
D:11:     layout_irregular_city, kb_rosetta
D:12:     minmay_firetagon, layout_irregular_city, portal_ice_cave_entry_imps
D:13:     layout_long_grid, erik_vaults_2, st_stairs_12, uniq_lodul
D:14:     layout_loops_cross, serial_park_gazebo [serial_park_minivault_5x5_8],
          hangedman_incinerator, uniq_louise
D:15:     hangedman_depths_entry_civil_slaughter, layout_irregular_city,
          hangedman_decor_slide_cut, serial_shops, nicolae_shop_dealshenge
Temple:   nicolae_temple_bog_church
Lair:1:   layout_gridlike, uniq_joseph
Lair:2:   layout_gridlike, guppyfry_snake_entry_island,
          ebering_ghost_disaster_area, grunt_megastairs_3,
          infiniplex_staircase_pool
Lair:3:   layout_roguey, elwin_shoals_entry_stream,
          nicolae_volcano_entry_vermiform, minivault_25, minivault_27,
          beast_lair_carwin_9, uniq_rupert, uniq_nessos, uniq_nergalle
Lair:4:   layout_cellular_growth, nicolae_slime_entry_field_trip,
          beast_lair_carwin_11
Lair:5:   cheibrodos_lair_end_hotspot, layout_regular_city,
          gauntlet_entry_generic, serial_bayou_shore_b, lemuel_fruit_tree
Shoals:1: layout_shoals, uniq_aizul, uniq_frances
Shoals:2: layout_shoals, serial_shops, shop, st_sunken_huts, uniq_roxanne,
          uniq_jorgrun, uniq_ilsuiw
Shoals:3: layout_shoals, uniq_polyphemus, uniq_mlioglotl
Shoals:4: shoals_end_simple, layout_shoals, shoal_ilsuiw
Snake:1:  layout_basic, basic_altar, drop_trap
Snake:2:  layout_gridlike, serial_shops, nicolae_shop_real_fake_doors
Snake:3:  layout_onion_interference, special_room, serial_shops,
          nicolae_diamond_shop, minmay_shop_star, uniq_agnes
Snake:4:  grunt_snake_rune_spirals, layout_onion_interference, serial_shops,
          shop_statue, serial_bayou_shore_a
Orc:1:    layout_caves
Orc:2:    st_orc_mages, layout_caves, ebering_ghost_gozag,
          hangedman_feature_mirror
Elf:1:    layout_loops_cross, minmay_elf_necromancy, st_stairs_14
Elf:2:    nicolae_elf_blades_crystal_corner, layout_loops_ring,
          nicolae_elf_big_sculpture_3, orc_legates, uniq_nikola, uniq_saint_roka
Elf:3:    minmay_elf_hall_furrowed, layout_onion_city, uniq_donald
Vaults:1: grunt_vaults_swirl, v_misc_5, v_pattern_5, grunt_vaults_hallway_short,
          v_misc_10, nicolae_vaults_angled_halls, vaults_room_corners,
          grunt_vaults_diagonal, nicolae_vaults_diagonal_hallway_6,
          layout_vaults_big_room, serial_shops, nicolae_shop_statue_plus
Vaults:2: v_misc_19, v_misc_18, nicolae_vaults_network_barrier,
          nicolae_vaults_little_squares_4, v_alt_pattern_5, vaults_room_boxed,
          vaults_mumra_hex, vaults_dpeg_cross, nicolae_vaults_angled_halls,
          layout_vaults_omnibox, serial_shops, shop
Vaults:3: hangedman_vaults_impose, hangedman_vaults_stream, v_misc_18,
          minmay_crypt_entry_simple_corners, v_misc_28,
          nicolae_vaults_little_squares_5, nicolae_vaults_murderbox,
          vaults_room_pools, grunt_vaults_funnel, layout_vaults_quadrants
Vaults:4: st_star, ontoclasm_vaults_idyll, vaults_mumra_chevron_long,
          vaults_mumra_chevron, nicolae_vaults_shelves_hall, vaults_room_pool,
          hangedman_vaults_pinch, v_misc_30, layout_vaults_maze_snakey,
          serial_shops, shop
Vaults:5: uniq_sojobo
Crypt:1:  layout_catacombs
Crypt:2:  layout_chaotic_city, mu_enter_wizlab_6, due_unseen_surprise
Crypt:3:  lightli_unholy_cathedral, layout_chaotic_city,
          nicolae_tomb_entry_unfolded_pyramid_orthogonal
Depths:1: layout_long_grid, grunt_hell_entry_dis_mu, dk_noncrumbling_4,
          abyss_entry, nicolae_qazlal_scattered_showers
Depths:2: minmay_central_circle, layout_basic, grunt_hell_horde,
          grunt_pan_entry_zigzag, serial_bayou_shore_b, serial_shops,
          nicolae_shop_tiny_statue_garden, serial_bayou_shore_b, uniq_bai_suzhen
Depths:3: minmay_inner_zag, layout_honeycomb, enter_trove_3,
          abyss_entry_crystal, serial_shops, kennysheep_mini_moat, hell_entry,
          nicolae_benzene_ring, infiniplex_staircase_pool_2
Depths:4: grunt_zot_entry_tricorne, layout_gridville, enter_ziggurat_f,
          hell_entry, uniq_grunn
Zot:1:    layout_cathedral_of_symmetry, st_stairs_8
Zot:2:    layout_misc_corridors, nicolae_transporter_circle, grunt_megastairs_2
Zot:3:    layout_basic, hangedman_zot_decor_tridents, uniq_tiamat
Zot:4:    layout_onion, not_door_vault_due, grunt_megastairs_4
Zot:5:    layout_gridville

Skill      XL: |  1  2  3  4  5  6  7  8  9 10 11 12 13 14 15 16 17 18 19 20 21 22 23 24 25 26 27 |
---------------+----------------------------------------------------------------------------------+-----
Stealth        | 1 2 |  2.0
Polearms       | 3 4 5 8 9 10 12 13 14 | 14.0
Fighting       | 5 8 9 10 11 13 15 16 18 19 20 21 22 | 22.2
Shields        | 4 7 8 9 10 12 13 14 15 16 17 18 | 18.3
Dodging        | 4 6 8 10 11 12 13 14 16 17 18 | 18.2
Spellcasting   | 4 5 9 11 12 13 | 13.3
Invocations    | 4 6 8 10 12 14 15 16 17 18 19 21 22 23 | 23.2
Evocations     | 3 |  3.2
Throwing       | 2 3 5 7 8 9 10 | 10.2
Armour         | 1 3 5 |  5.0
Translocations | 1 5 7 8 9 10 11 | 11.9
Transmutations | 4 7 9 10 11 12 | 12.6
Earth Magic    | 5 7 9 10 11 12 | 12.6
Necromancy     | 1 6 7 |  7.0
Hexes          | 1 6 |  6.1

Action                     |  1- 3 |  4- 6 |  7- 9 | 10-12 | 13-15 | 16-18 | 19-21 | 22-24 | 25-27 || total
---------------------------+-------+-------+-------+-------+-------+-------+-------+-------+-------++-------
  Melee: Trident           |   144 |   155 |   243 |   462 |   844 |   423 |   771 |   314 |       ||  3356
         Hand axe          |       |       |       |     6 |       |       |       |       |       ||     6
         Demon trident     |       |       |       |       |       |   384 |   846 |  1209 |   910 ||  3349
  Throw: Stone             |       |     7 |     6 |     9 |       |       |       |       |       ||    22
         Dart              |       |       |     9 |    38 |    26 |       |     5 |     3 |       ||    81
         Large rock        |       |       |       |     3 |    12 |     4 |       |    46 |    66 ||   131
         Javelin           |       |       |       |       |     1 |    28 |    16 |     8 |     3 ||    56
   Cast: Blink             |       |       |       |       |       |     2 |     6 |     9 |     3 ||    20
         Wereblood         |       |       |       |       |       |     4 |    11 |     6 |     5 ||    26
         Borgnjor's Vile C |       |       |       |       |       |       |       |    37 |    80 ||   117
         Statue Form       |       |       |       |       |       |       |       |    17 |    34 ||    51
         Dispel Undead     |       |       |       |       |       |       |       |     1 |     9 ||    10
         Manifold Assault  |       |       |       |       |       |       |       |    11 |    17 ||    28
         Anguish           |       |       |       |       |       |       |       |       |    12 ||    12
         Dispersal         |       |       |       |       |       |       |       |       |     1 ||     1
 Invoke: Recall Undead Har |       |       |     5 |     8 |    16 |    32 |    44 |    40 |    14 ||   159
         Dark Bargain      |       |       |     3 |     9 |     6 |    20 |    19 |    10 |    13 ||    80
         Bind Soul         |       |       |       |       |     4 |       |     3 |     3 |     4 ||    14
         Drain Life        |       |       |       |       |     4 |    14 |     6 |     3 |       ||    27
Ability: End Transformatio |       |       |       |       |       |       |       |       |     1 ||     1
  Evoke: Wand              |       |       |     2 |    20 |    18 |    20 |     8 |    18 |     4 ||    90
         Phantom mirror    |       |       |       |       |       |       |     3 |     3 |       ||     6
         Phial of floods   |       |       |       |       |       |       |     1 |       |       ||     1
    Use: Scroll            |       |    11 |    10 |     4 |     6 |     7 |     9 |    13 |    21 ||    81
         Potion            |       |     3 |     5 |     5 |     6 |    13 |     8 |    15 |    14 ||    69
   Stab: Sleeping          |     4 |    11 |     7 |       |     6 |     1 |     2 |     4 |     6 ||    41
         Distracted        |       |       |     1 |     3 |    14 |    13 |    11 |    15 |    17 ||    74
         Paralysed         |       |       |       |     3 |       |     2 |       |       |     2 ||     7
         Petrified         |       |       |       |       |    56 |       |       |       |       ||    56
         Invisible         |       |       |       |       |    15 |     2 |       |     2 |       ||    19
         Petrifying        |       |       |       |       |     6 |       |       |       |       ||     6
         Fleeing           |       |       |       |       |       |       |     1 |       |       ||     1
         Confused          |       |       |       |       |       |       |       |     2 |     1 ||     3
 Armour: Robe              |    38 |    24 |    34 |    52 |   114 |   105 |   308 |   176 |    12 ||   863
         Skin              |       |       |     3 |       |       |       |       |   129 |   193 ||   325
         Acid dragon scale |       |       |       |       |       |       |       |     2 |       ||     2
         Steam dragon scal |       |       |       |       |       |       |       |       |    40 ||    40
  Dodge: Dodged            |    47 |    41 |    80 |   144 |   185 |   192 |   368 |   395 |   350 ||  1802
  Block: Kite shield       |    64 |    56 |   107 |   183 |   340 |   260 |   633 |   692 |   434 ||  2769
         Reflection        |       |       |       |     1 |       |       |       |       |       ||     1

Table legend: (Time is in decaauts)
 A = Elapsed time spent in this place.
 B = Non-inter-level travel time spent in this place.
 C = Inter-level travel time spent in this place.
 D = Time resting spent in this place.
 E = Time spent auto-exploring this place.
 F = Levels seen in this place.
 G = Mean time per level.
                   A        B        C        D        E       F      G
               +--------+--------+--------+--------+--------+-----+--------+
         Total |  69099 |  63628 |   5471 |  17612 |  19517 |  57 | 1212.3 |
       Dungeon |  18166 |  16255 |   1911 |   4425 |   6247 |  15 | 1211.1 |
        Temple |      1 |      1 |      0 |      0 |      0 |   1 |    1.0 |
          Lair |   8040 |   7343 |    697 |   2379 |   2591 |   5 | 1608.0 |
        Shoals |   4852 |   4496 |    356 |   1457 |    792 |   4 | 1213.0 |
     Snake Pit |   5045 |   4696 |    349 |   1102 |   1364 |   4 | 1261.2 |
  Orcish Mines |   1196 |   1099 |     97 |     95 |    494 |   2 |  598.0 |
   Elven Halls |   4856 |   4623 |    233 |   1077 |   1586 |   3 | 1618.7 |
        Vaults |   8165 |   7379 |    786 |   1883 |   2511 |   5 | 1633.0 |
         Crypt |   5109 |   4973 |    136 |   1311 |   1305 |   3 | 1703.0 |
        Depths |   7316 |   6696 |    620 |   1925 |   2230 |   4 | 1829.0 |
           Zot |   4012 |   3731 |    281 |   1226 |    138 |   5 |  802.4 |
         Trove |     45 |     45 |      0 |      0 |      5 |   1 |   45.0 |
         Sewer |    350 |    350 |      0 |    102 |     42 |   1 |  350.0 |
      Ice Cave |     78 |     78 |      0 |      0 |      0 |   1 |   78.0 |
       Volcano |    515 |    515 |      0 |    246 |     83 |   1 |  515.0 |
        Wizlab |    511 |    511 |      0 |    102 |      0 |   1 |  511.0 |
      Gauntlet |    834 |    834 |      0 |    278 |    128 |   1 |  834.0 |
               +--------+--------+--------+--------+--------+-----+--------+

Top non-repeatable levels by time:
Vaults:5: 2329 daAuts
  Lair:5: 2204 daAuts
   Elf:2: 2070 daAuts
 Crypt:1: 2042 daAuts
Vaults:1: 1989 daAuts
Depths:3: 1952 daAuts
Depths:2: 1917 daAuts
 Snake:1: 1870 daAuts
  Lair:1: 1767 daAuts
    D:13: 1766 daAuts
Depths:1: 1762 daAuts
Shoals:4: 1752 daAuts
     D:8: 1735 daAuts
   Elf:3: 1715 daAuts
Depths:4: 1683 daAuts
